 Dungeon Crawl Stone Soup version 0.26.1-10-gdfb7c7de75 (webtiles) character file.

Game seed: 11221796729500919010

45 Gabide the Grave Robber (level 3, -8/24 HPs)
             Began as a Mummy Necromancer on Apr 9, 2021.
             Mangled by Sigmund
             ... wielding a +0 scythe
              (12 damage)
             ... on level 2 of the Dungeon.
             The game lasted 00:03:58 (1541 turns).

Gabide the Grave Robber (Mummy Necromancer)         Turns: 1541, Time: 00:03:59

Health: -8/24      AC:  5    Str: 11    XL:     3   Next: 42%
Magic:  0/7        EV: 12    Int: 15    God:
Gold:   178        SH:  0    Dex: 12    Spells: 7/8 levels left

rFire    x . .     SeeInvis .   b - +2 whip (vamp)
rCold    + . .     Faith    .   (no shield)
rNeg     + + +     Spirit   .   c - +2 animal skin
rPois    ∞         Reflect  .   d - +0 helmet
rElec    .         Harm     .   (no cloak)
rCorr    .         Rampage  .   (no gloves)
Will     .....                  (no boots)
Stlth    ++........             (no amulet)
HPRegen  0.08/turn              (no ring)
MPRegen  0.10/turn              (no ring)

@: no status effects
A: no potions, fire vulnerability, cold resistance 1, negative energy resistance
3, torment resistance, unbreathing
a: no special abilities


You were on level 2 of the Dungeon.
You visited 1 branch of the dungeon, and saw 2 of its levels.

You collected 178 gold pieces.

Inventory:

Hand Weapons
 b - a +2 vampiric whip (weapon)
Armour
 c - a +2 animal skin (worn)
 d - a +0 helmet (worn)
Scrolls
 a - a scroll of remove curse {unknown}


   Skills:
 + Level 1.6 Dodging
 + Level 1.7 Stealth
 + Level 3.1 Spellcasting
 * Level 4.9 Necromancy


You had 7 spell levels left.
You knew the following spells:

 Your Spells              Type           Power        Failure   Level
a - Pain                  Necr           68%          2%          1

Your spell library contained the following spells:

 Spells                   Type           Power        Failure   Level
 Animate Skeleton         Necr           34%          2%          1
 Vampiric Draining        Necr           8%           8%          3
 Animate Dead             Necr           8%           26%         4
 Agony                    Necr           17%          56%         5


Dungeon Overview and Level Annotations

Branches:
Dungeon (2/15)

Altars:

Annotations:
D:2 Sigmund


Innate Abilities, Weirdness & Mutations

You do not drink.
Your flesh is vulnerable to fire.
You are immune to poison.
Your flesh is cold resistant. (rC+)
You are immune to negative energy. (rN+++)
You are immune to unholy pain and torment.
You can survive without breathing.


Message History

Press: ? - help, Shift-Dir - straight line, f/p - gnoll
Aim: a gnoll (heavily wounded, chance to affect: 82%)
The gnoll barely resists.
The gnoll barely misses you. x2
Casting: Pain (safe; 2% risk of failure)
Confirm with . or Enter, or press ? or * to list all spells.
Aiming: Pain (safe; 2% risk of failure)
Press: ? - help, Shift-Dir - straight line, f/p - gnoll
Aim: a gnoll (heavily wounded, chance to affect: 82%)
The gnoll writhes in agony.
The gnoll hits you. Something hits you! The gnoll hits you.
* * * LOW HITPOINT WARNING * * *
Casting: Pain (safe; 2% risk of failure)
Confirm with . or Enter, or press ? or * to list all spells.
Aiming: Pain (safe; 2% risk of failure)
Press: ? - help, Shift-Dir - straight line, f - gnoll, p - gnoll
Aim: a gnoll (heavily wounded, chance to affect: 82%)
The gnoll writhes in agony.
The gnoll closely misses you. The gnoll barely misses you. Something hits you!
Ouch! That really hurt!
You die...

##.###.#####
##...##.#...#
#.....#.#...+ .
#.###..........# ..
#.......##.##### ..
######.###....# .. #.#
###..# .# #.# ##g#.##
#.# #@gg.# #.# ###..#
#.# #...+ #.# .....
#########.# ####
..........##############
.##.#####..............#
.##.# ##...###########.#
.##.# #.....# #.#


You could see 3 gnolls.

Vanquished Creatures
  Robin (D:2)
  A dart slug (D:1)
  2 giant cockroaches
  13 goblins
  2 hobgoblins (D:1)
  3 jackals (D:1)
  A kobold (D:1)
  2 bats (D:1)
  A frilled lizard (D:1)
  3 rats (D:1)
29 creatures vanquished.

Vanquished Creatures (others)
  4 toadstools (D:1)
4 creatures vanquished.

Grand Total: 33 creatures vanquished

Notes
Turn   | Place    | Note
-------+----------+-------------------------------------------
     0 | D:1      | Gabide the Mummy Necromancer began the quest for the Orb.
     0 | D:1      | Reached XP level 1. HP: 13/13 MP: 4/4
   385 | D:1      | Reached XP level 2. HP: 19/19 MP: 2/5
  1042 | D:2      | Noticed Robin
  1182 | D:2      | Reached XP level 3. HP: 24/24 MP: 3/7
  1189 | D:2      | Killed Robin
  1529 | D:2      | Noticed Sigmund
  1541 | D:2      | Mangled by Sigmund

Illustrated notes

Levels and vault maps discovered:
D:1:      saegor_arrival_simple_a, layout_basic, minmay_gold_behind_fungi,
          minivault_19
D:2:      layout_loops_corners, evilmike_ruin_ashenzari, uniq_robin,
          uniq_sigmund

Skill      XL: |  1  2 |
---------------+-------+-----
Spellcasting   | 3 |  3.1
Dodging        | |  1.6
Stealth        | |  1.7
Necromancy     | |  4.9

Action                   || total
-------------------------++-------
Melee: Unarmed           ||    11
       Whip              ||     6
 Cast: Pain              ||    56
  Use: Scroll            ||     2
Armor: Robe              ||     4
       Animal skin       ||     1
Dodge: Dodged            ||    21
